 Dungeon Crawl Stone Soup version 0.23.2 (webtiles) character file.

Game seed: 12742239063262619523

211 Borgoz the Sneak (level 5, -2/45 HPs)
             Began as a Ghoul Assassin on Apr 4, 2019.
             Killed from afar by an orc wizard (5 damage)
             ... with a magic dart
             ... on level 3 of the Dungeon.
             The game lasted 00:05:19 (2860 turns).

Borgoz the Sneak (Ghoul Assassin)                   Turns: 2860, Time: 00:05:20

Health: -2/45      AC:  4    Str: 10 (15) XL:     5   Next: 88%
Magic:  4/4        EV: 15    Int:  4 (6)  God:
Gold:   105        SH:  0    Dex:  9 (11) Spells: 4/4 levels left

rFire    . . .     SeeInvis .   a - +2 dagger
rCold    + . .     Gourm    .   (no shield)
rNeg     + + +     Faith    .   p - +0 animal skin
rPois    ∞         Spirit   .   r - +0 helmet
rElec    .         Reflect  .   d - +0 cloak
rCorr    .         Harm     .   (no gloves)
MR       .....                  (no boots)
Stlth    +++.......             (no amulet)
HPRegen  0.00/turn              l - +3 ring of evasion
MPRegen  0.09/turn              (no ring)

@: flying, rotting
A: rotting body, claws 1, carnivore, cold resistance 1, negative energy
resistance 3, inhibited regeneration, torment resistance, unbreathing
a: no special abilities


You were on level 3 of the Dungeon.
You were not hungry.

You visited 1 branch of the dungeon, and saw 3 of its levels.

You collected 105 gold pieces.

Inventory:

Hand Weapons
 a - a +2 dagger (weapon)
 b - a +0 blowgun
 s - a +1 short sword of electrocution
Missiles
 e - 8 poisoned needles
 f - 2 curare-tipped needles
Armour
 d - a +0 cloak (worn)
 p - a +0 animal skin (worn)
 r - a +0 helmet (worn)
Jewellery
 l - a +3 ring of evasion (left claw)
 m - a +3 ring of strength
 t - an uncursed ring of positive energy {unknown}
Wands
 o - a wand of random effects (11)
Scrolls
 h - a scroll of fog {unknown}
 j - 3 scrolls of identify {unknown}
 k - 2 scrolls of remove curse {unknown}
 n - a scroll of magic mapping {unknown}
 q - 2 scrolls of immolation
 v - a scroll of teleportation
Potions
 c - a potion of haste
 i - a potion of lignification
Comestibles
 g - 10 rations
 z - 6 chunks of flesh


   Skills:
 + Level 3.0 Fighting
 * Level 3.0 Short Blades
 - Level 1.7 Throwing
 * Level 2.2 Armour
 * Level 2.4 Dodging
 + Level 5.0 Stealth


You had 4 spell levels left.
You didn't know any spells.
Your spell library was empty.

Dungeon Overview and Level Annotations

Branches:
Dungeon (3/15)

Altars:
Xom


Innate Abilities, Weirdness & Mutations

Your body is rotting away.
You thrive on raw meat.
You are immune to poison.
You have sharp fingernails.
You are carnivorous and can eat meat at any time.
Your flesh is cold resistant. (rC+)
You are immune to negative energy. (rN+++)
You do not regenerate when monsters are visible.
You are immune to unholy pain and torment.
You can survive without breathing.


Message History

The orc wizard closely misses you.
The orc wizard hits you but does no damage.
You hit the orc wizard but do no damage.
The orc wizard is moderately wounded.
The orc wizard misses you.
As you read the scroll labeled BIZULL JUGECA, it crumbles to dust.
The creatures around you are filled with an inner flame!
It was a scroll of immolation.
The orc wizard casts a spell at you. The magic dart hits you.
* * * LOW HITPOINT WARNING * * *
You closely miss the orc wizard.
The orc wizard is moderately wounded.
The orc wizard hits you with a +0 falchion.
* * * LOW HITPOINT WARNING * * *
You closely miss the orc wizard.
The orc wizard is moderately wounded.
The orc wizard points at you and mumbles some strange words.
The magic dart hits you.
You die...

#.......)).....# .# #.# #.#
#......###..#..# #.# #.# #......#
#..#..# #.# #.# ####.######..#..#
# #.# #.#
.....##.........#####.####.###.##
.######..........................
.# #............##.####.###### .#
#........#)#.# #......... .#
#........#@..# #.#.###### .#
#........##o.# ...#.# .#
#........# .?# #.. #.# .#
.......#.# ..# #...#.# ##
.......#.# #.# ###.#.# ......#.#
#..####.#.# )......#.######
#.#............
#######..###.##.#####


You could see an orc wizard (inner flame).

Vanquished Creatures
  A howler monkey (D:2)
  Jessica (D:2)
  An orc wizard (D:3)
  Robin (D:1)
  2 adders
  2 worms
  3 leopard geckos
  4 orcs (D:3)
  A giant cockroach (D:3)
  4 hobgoblins
  2 jackals (D:2)
  3 quokkas
  A ball python (D:1)
  12 bats
  A frilled lizard (D:2)
  24 goblins
  7 kobolds
  7 rats
77 creatures vanquished.

Notes
Turn   | Place    | Note
-------+----------+-------------------------------------------
     0 | D:1      | Borgoz the Ghoul Assassin began the quest for the Orb.
     0 | D:1      | Reached XP level 1. HP: 17/17 MP: 0/0
   230 | D:1      | Found a shimmering altar of Xom.
   239 | D:1      | Reached skill level 1 in Dodging
   359 | D:1      | Reached XP level 2. HP: 18/24 MP: 1/1
  1028 | D:2      | Reached XP level 3. HP: 16/30 MP: 2/2
  1034 | D:2      | Noticed Jessica
  1217 | D:2      | Reached skill level 1 in Armour
  1227 | D:2      | Killed Jessica
  1295 | D:2      | Noticed Robin
  1304 | D:1      | Reached XP level 4. HP: 22/37 MP: 3/3
  1670 | D:1      | Killed Robin
  2148 | D:2      | Reached XP level 5. HP: 7/44 MP: 4/4
  2414 | D:2      | Found a faded altar of an unknown god.
  2787 | D:3      | Reached skill level 5 in Stealth
  2860 | D:3      | Killed from afar by an orc wizard

Skill      XL: |  1  2  3  4  5 |
---------------+----------------+-----
Dodging        | 1 2 |  2.4
Short Blades   | 2 3 |  3.0
Armour         | 1 2 |  2.2
Fighting       | 3 |  3.0
Stealth        | 5 |  5.0
Throwing       | |  1.7

Action                   |  1- 3 |  4- 6 || total
-------------------------+-------+-------++-------
Melee: Dagger            |    81 |   222 ||   303
 Fire: Blowgun           |       |     1 ||     1
  Use: Potion            |       |     7 ||     7
       Scroll            |       |     3 ||     3
 Stab: Sleeping          |     6 |     6 ||    12
  Eat: Chunk             |     4 |     8 ||    12
Armor: Robe              |    14 |     5 ||    19
       Animal skin       |       |    68 ||    68
Dodge: Dodged            |    55 |   246 ||   301
